 Dungeon Crawl Stone Soup version 0.14.1-21-g36cd379 (webtiles) character file.

14139 Charly the Cloud Mage (level 11, -6/61 HPs)
             Began as a High Elf Air Elementalist on June 6, 2014.
             Was an Elder of Vehumet.
             Mangled by a death yak (16 damage)
             ... on Level 2 of the Lair of Beasts.
             The game lasted 05:01:04 (24632 turns).

Charly the Cloud Mage (High Elf Air Elementalist)  Turns: 24632, Time: 05:01:05

HP  -6/61        AC 10     Str  7      XL: 11   Next: 84%
MP  40/57        EV 16     Int 23      God: Vehumet [****..]
Gold 37          SH  9     Dex 16      Spells:  7 memorised, 16 levels left

rFire  . . .     SeeInvis .     a - staff of power
rCold  . . .     Clarity  .     A - +2 robe
rNeg   + + .     Conserve .     S - +2 buckler {AC+3}
rPois  +         rCorr    .     H - +0 hat
rElec  +         rRot     .     C - +0 cloak
SustAb . .       Spirit   .     (no gloves)
rMut   .         Warding  +     B - +0 pair of boots
Saprov . . .     NoTele   +     z - amulet of Cekugob {Ward -Tele Hunger rElec rPois rN+ AC+1 EV+1}
MR     +....                    p - ring of magical power
                                s - ring of sustenance

@: repel missiles, exhausted, very slightly contaminated, hasted and slowed,
somewhat resistant to hostile enchantments, fairly stealthy
A: no striking features
a: Renounce Religion


You were on level 2 of the Lair of Beasts.
You worshipped Vehumet.
Vehumet was greatly pleased with you.
You were not hungry.

You visited 3 branches of the dungeon, and saw 15 of its levels.
You also visited: Sewer and Ossuary.

You collected 668 gold pieces.
You spent 631 gold pieces at shops.

Inventory:

Hand weapons
 b - the +3,+4 morningstar "X" {holy, Int+3}
   (You found it on level 11 of the Dungeon)

   It has been blessed by the Shining One to cause great damage to the undead
   and demons.
   It affects your intelligence (+3).
Armour
 A - a +2 robe (worn)
 B - a +0 pair of boots (worn)
 C - a +0 cloak (worn)
 H - a +0 hat (worn)
 S - a +2 buckler of protection (worn)
Magical devices
 D - a wand of disintegration (3)
 F - a wand of frost (17)
 Y - a wand of flame (17)
 Z - a wand of confusion (16)
Scrolls
 e - 5 scrolls of teleportation
 g - a scroll of enchant weapon III {unknown}
 n - a scroll of recharging
 t - 5 scrolls of remove curse
Jewellery
 f - an uncursed ring of protection from fire
 p - a ring of magical power (right hand)
 s - a ring of sustenance (left hand)
 z - the amulet of Cekugob (around neck) {Ward -Tele Hunger rElec rPois rN+ AC+1 EV+1}
   (You bought it in a shop on level 7 of the Dungeon)

   [amulet of warding]

   It affects your AC (+1).
   It affects your evasion (+1).
   It insulates you from electricity.
   It protects you from poison.
   It protects you from negative energy.
   It prevents most forms of teleportation.
   It speeds your metabolism.
Potions
 i - 6 potions of curing
 j - a potion of magic {unknown}
 q - 3 potions of brilliance
 G - 2 potions of might
 I - a potion of invisibility
 M - a potion of lignification
Magical staves
 a - an uncursed staff of power (weapon)


   Skills:
 * Level 6.8 Dodging
 - Level 2.1 Stealth
 + Level 13.4 Spellcasting
 - Level 8.0 Conjurations
 + Level 13.6 Air Magic


You had 16 spell levels left.
You knew the following spells:

 Your Spells              Type           Power        Failure   Level  Hunger
a - Airstrike             Air            ######....   1%          4    None
b - Lightning Bolt        Conj/Air       ######....   1%          5    ##.....
d - Static Discharge      Conj/Air       ######..     1%          3    None
f - Flight                Chrm/Air       #####.....   1%          3    None
q - Swiftness             Chrm/Air       #####...     1%          2    None
r - Repel Missiles        Chrm/Air       #####.       1%          2    None
s - Shock                 Conj/Air       ####         1%          1    None


Dungeon Overview and Level Annotations

Branches:
Dungeon (11/15)            Temple (1/1) D:5             Orc (0/4) D:11
   Lair (3/8) D:11
  Swamp: Lair:3-6    Shoals: Lair:3-6     Snake: Lair:3-6    Spider: Lair:3-6

Altars:
Ashenzari
Cheibriados
Dithmenos
Elyvilon
Fedhas
Kikubaaqudgha
Makhleb
Nemelex Xobeh
Okawaru
Sif Muna
Trog
Vehumet
Xom
Yredelemnul
Zin
The Shining One

Shops:
D:7 =   D:10 *

Annotations:
D:9 Gastronok


Message History

Drink which item? (? for menu, Esc to quit)
A red film seems to cover your vision as you go berserk!
You feel yourself moving faster!
You feel mighty! The giant frog hits you.
* * * LOW HITPOINT WARNING * * *
The death yak gores you but does no damage.
The giant frog closely misses you.
You feel a strong urge to attack something.
The death yak gores you.
* * * LOW HITPOINT WARNING * * *
The giant frog hits you but does no damage.
You feel your anger subside.
You are no longer berserk.
You are exhausted.
You feel yourself slow down.
Drink which item? (? for menu, Esc to quit)
You feel yourself speed up. The giant frog barely misses you.
The giant frog closely misses you.
You are very lightly contaminated with residual magic.
The giant frog closely misses you. The death yak gores you!
You die...

##......#......#%.!.?#..♣♣♣♣
#.....###♣♣♣..#######..♣♣♣♣
#.....###♣♣♣...........♣♣♣.
#........♣♣♣/|...}....:♣♣♣.
#........♣♣♣♣♣♣♣♣♣♣♣♣♣♣♣♣♣.
#...>.....♣♣♣♣♣♣♣♣♣♣♣♣♣♣♣..
##f#.......♣♣♣♣#♣♣ #♣♣♣♣...
#####...Y......####....^..
###.F@........#.......
#P#.......[.........
####................
#................
###PP!...........
##P............ ###
###P.......... ##.###
#.#..........# ##....###
##..#.........


You could see a death yak and a giant frog.

Vanquished Creatures
  A hydra (Lair:2)
  Joseph (D:7)
  A hill giant (D:10)
  A cyclops (D:10)
  4 spiny frogs
  A gargoyle (D:10)
  A troll (D:10)
  A queen bee (D:11)
  2 komodo dragons
  A trapdoor spider (D:10)
  A basilisk (Lair:2)
  5 ugly things (D:11)
  3 hippogriffs
  A hungry ghost (D:10)
  A hill giant skeleton (D:8)
  Edmund (D:8)
  A water moccasin (Lair:1)
  4 porcupines
  2 sky beasts
  4 orc warriors
  10 centaurs
  2 phantoms
  2 black bears
  4 ogres
  An ice beast (D:6)
  2 crocodiles
  3 elf zombies (Ossuary)
  3 giant slugs
  10 giant frogs
  A gnoll sergeant (D:11)
  4 jellies
  24 killer bees
  2 scorpions
  A yak zombie (D:7)
  An electric eel (Lair:1)
  5 wights (D:10)
  A giant frog zombie (D:11)
  6 crimson imps
  2 centaur zombies (Ossuary)
  A human zombie (Ossuary)
  10 hounds
  2 goliath beetles
  A centaur skeleton (D:5)
  7 orc priests
  14 orc wizards
  Crazy Yiuf (D:6)
  2 iguanas (D:8)
  5 worker ants
  12 sheep
  A big kobold zombie (D:10)
  2 big kobold skeletons
  A hound skeleton (D:5)
  5 mummies
  14 gnolls
  13 adders
  15 green rats
  4 shadow imps
  8 worms
  4 giant mites
  5 adder zombies (Ossuary)
  2 giant eyeballs
  10 giant geckos
  2 oozes (Sewer)
  39 orcs
  A ball python (D:2)
  19 bats
  A bat skeleton (D:4)
  A bat zombie (D:6)
  9 giant cockroaches
  3 gnoll zombies (Ossuary)
  24 hobgoblins
  20 jackals
  13 kobolds
  6 quokkas
  6 giant newts
  A giant spore (D:11)
  5 goblins
  3 goblin zombies
  A hobgoblin skeleton (D:6)
  4 hobgoblin zombies (Ossuary)
  4 jackal zombies (Ossuary)
  2 kobold zombies (Ossuary)
  An orc skeleton (D:5)
  6 orc zombies
  4 quokka zombies (Ossuary)
  10 rats
  3 rat zombies (Ossuary)
  A ballistomycete (D:11)
449 creatures vanquished.

Vanquished Creatures (others)
  A fungus (Lair:1)
1 creature vanquished.

Grand Total: 450 creatures vanquished

Notes
Turn   | Place    | Note
--------------------------------------------------------------
     0 | D:1      | Charly, the High Elf Air Elementalist, began the quest for the Orb.
     0 | D:1      | Reached XP level 1. HP: 11/11 MP: 4/4
   327 | D:1      | Reached skill level 4 in Air Magic
   384 | D:1      | Reached XP level 2. HP: 17/17 MP: 0/6
   388 | D:1      | Learned a level 2 spell: Swiftness
  1461 | D:2      | Reached XP level 3. HP: 21/21 MP: 5/9
  1500 | D:2      | Learned a level 3 spell: Static Discharge
  2307 | D:2      | Learned a level 2 spell: Repel Missiles
  2889 | D:2      | Found a deep blue altar of Sif Muna.
  2946 | D:3      | Reached XP level 4. HP: 24/27 MP: 0/12
  3286 | D:3      | Found a sparkling altar of Nemelex Xobeh.
  3298 | D:3      | Noticed a centaur
  3503 | D:3      | Found a blossoming altar of Fedhas.
  3808 | D:4      | Reached skill level 5 in Air Magic
  4646 | D:4      | Reached XP level 5. HP: 25/31 MP: 11/15
  4818 | D:4      | Noticed a phantom
  5401 | D:4      | Reached XP level 6. HP: 36/36 MP: 11/19
  5474 | D:4      | Killed a phantom
  5474 | D:4      | Reached skill level 5 in Spellcasting
  5906 | D:5      | Entered Level 5 of the Dungeon
  5944 | D:5      | Reached skill level 6 in Air Magic
  6020 | D:5      | Found a staircase to the Ecumenical Temple.
  6075 | Temple   | Entered the Ecumenical Temple
  6830 | D:5      | Killed a centaur
  6830 | D:5      | Reached XP level 7. HP: 38/41 MP: 8/22
  7906 | D:5      | Reached skill level 5 in Conjurations
  8123 | D:5      | Reached skill level 7 in Air Magic
  8218 | D:6      | Upgraded the game from 0.14.1-19-g9964f44 to 0.14.1-21-g36cd379
  8425 | D:6      | Reached XP level 8. HP: 46/46 MP: 13/24
  8841 | D:6      | Found a glowing silver altar of Zin.
  8917 | D:6      | Found a glowing drain.
  8921 | Sewer    | Entered a sewer
  9457 | Sewer    | Learned a level 3 spell: Flight
 10029 | D:6      | Found an iron altar of Okawaru.
 10036 | D:6      | Found a burning altar of Makhleb.
 10037 | D:6      | Found a radiant altar of Vehumet.
 10044 | D:6      | Found a glowing golden altar of the Shining One.
 10047 | D:6      | Became a worshipper of Vehumet
 10124 | D:6      | Learned a level 5 spell: Lightning Bolt
 10179 | D:6      | Noticed Crazy Yiuf
 10184 | D:6      | Killed Crazy Yiuf
 10335 | D:6      | Reached skill level 8 in Air Magic
 10377 | D:6      | Found a white marble altar of Elyvilon.
 11014 | D:7      | Noticed Joseph
 11063 | D:7      | Noticed Edmund
 11087 | D:8      | Killed Edmund
 11445 | D:7      | Acquired Vehumet's first power
 11445 | D:7      | Offered knowledge of Freeze by Vehumet.
 11484 | D:7      | Found a sand-covered staircase.
 11493 | Ossuary  | Entered an ossuary
 11547 | Ossuary  | Reached XP level 9. HP: 51/51 MP: 21/28
 12064 | Ossuary  | Reached skill level 9 in Air Magic
 12391 | Ossuary  | Offered knowledge of Searing Ray by Vehumet.
 13040 | D:7      | Found Cakkak's Jewellery Boutique.
 13123 | D:7      | Bought an uncursed ring of magical power for 220 gold pieces
 13318 | D:7      | Killed Joseph
 13892 | D:8      | Offered knowledge of Throw Flame by Vehumet.
 14101 | D:8      | Found a bloodstained altar of Trog.
 14249 | D:8      | Reached skill level 10 in Air Magic
 14326 | D:8      | Reached skill level 10 in Spellcasting
 14839 | D:9      | Noticed Gastronok
 15544 | D:9      | Acquired Vehumet's second power
 15815 | D:9      | Gained mutation: You can spit poison. [potion of mutation]
 15815 | D:9      | Gained mutation: You heal slowly when monsters are visible. [potion of mutation]
 15816 | D:9      | Lost mutation: You can spit poison. [potion of cure mutation]
 15816 | D:9      | Lost mutation: You heal slowly when monsters are visible. [potion of cure mutation]
 16090 | D:9      | Reached XP level 10. HP: 54/56 MP: 31/31
 16412 | D:10     | Entered Level 10 of the Dungeon
 17173 | D:10     | Reached skill level 11 in Spellcasting
 17276 | D:10     | Offered knowledge of Throw Icicle by Vehumet.
 17879 | D:10     | Noticed a hill giant
 17996 | D:11     | Paralysed by a giant eyeball for 2 turns
 18097 | D:11     | Got a warped morningstar
 18098 | D:11     | Identified the +3,+4 morningstar "X" {holy, Int+3} (You found it on level 11 of the Dungeon)
 18277 | D:11     | Found a staircase to the Lair.
 18646 | D:10     | Killed a hill giant
 18646 | D:10     | Reached skill level 5 in Dodging
 18728 | D:10     | Acquired Vehumet's third power
 18893 | D:10     | Offered knowledge of Airstrike by Vehumet.
 18899 | D:10     | Learned a level 4 spell: Airstrike
 19082 | D:10     | Found Amen's Assorted Antiques.
 19258 | D:10     | Noticed a cyclops
 19262 | D:10     | Killed a cyclops
 19262 | D:10     | Reached skill level 12 in Spellcasting
 19374 | D:11     | Reached XP level 11. HP: 61/61 MP: 29/33
 19714 | D:11     | Found a staircase to the Orcish Mines.
 19961 | D:11     | Offered knowledge of Olgreb's Toxic Radiance by Vehumet.
 20447 | Lair:1   | Entered Level 1 of the Lair of Beasts
 21120 | Lair:1   | Reached skill level 13 in Air Magic
 22747 | D:7      | Bought the amulet of Cekugob {Ward -Tele Hunger rElec rPois rN+ AC+1 EV+1} for 411 gold pieces
 23186 | Lair:2   | Noticed a seven-headed hydra
 23237 | Lair:2   | Killed a seven-headed hydra
 24615 | Lair:3   | Noticed a death yak
 24621 | Lair:3   | Noticed a death yak
 24623 | Lair:3   | Noticed a death yak
 24632 | Lair:2   | Mangled by a death yak

Action                   |  1- 3 |  4- 6 |  7- 9 | 10-12 || total
-------------------------+-------+-------+-------+-------++-------
Melee: Unarmed           |     2 |       |       |       ||     2
       Short sword       |     1 |       |       |       ||     1
       Falchion          |       |       |     4 |       ||     4
       Morningstar       |       |       |       |     6 ||     6
 Fire: Bow               |       |       |    11 |       ||    11
 Cast: Shock             |   104 |   139 |   444 |   288 ||   975
       Static Discharge  |     4 |    33 |    81 |    86 ||   204
       Swiftness         |     1 |     5 |     3 |     3 ||    12
       Repel Missiles    |       |     4 |     3 |       ||     7
       Flight            |       |       |    11 |     1 ||    12
       Lightning Bolt    |       |       |    25 |    34 ||    59
       Airstrike         |       |       |       |   120 ||   120
Evoke: Wand              |       |       |     1 |    14 ||    15
  Use: Scroll            |     6 |     6 |    15 |     6 ||    33
       Potion            |       |       |     3 |     5 ||     8
